AoeStats
← 西安兰花

Hideout

510080739Analyzed
1v1 RM · 2d ago on Sep 29, 2026· 53m 28s· 2 players
Game mode
Random Map
Map size
Tiny (2 player)
Population
200
Speed
Normal
Resources
Standard
Victory
Conquest
Starting age
Dark Age
Ending age
Imperial Age
RankedLock teamsTeams togetherTeam positionsShared explorationLock speedFull tech treeHidden civsTurbo modeCheats
Victory
Defeat
🇨🇳 Franks · China
783
+15
🇬🇧 Malay · United Kingdom
752
-15
jones3adz
10:45 Feudal Age
12:04 Double-Bit Axe
17:24 Loom
20:38 Castle Age
18:36 Horse Collar
25:33 Squires
25:19 Arson
24:54 Pikeman
29:00 Forging
29:09 Town Watch
30:01 Wheelbarrow
33:55 Imperial Age
36:01 Town Patrol
36:57 Fletching
37:08 Padded Archer Armor
37:43 Iron Casting
36:49 Elite Skirmisher
36:50 Crossbowman
37:36 Thumb Ring
38:31 Conscription
39:48 Leather Archer Armor
40:38 Chemistry
39:08 Halberdier
43:40 Elite Karambit Warrior
45:23 Ring Archer Armor
47:16 Onager
西安兰花
8:47 Loom
12:02 Feudal Age
19:13 Castle Age
18:12 Scale Barding Armor
18:27 Double-Bit Axe
18:35 Stone Mining
19:29 Gold Mining
20:08 Husbandry
30:51 Imperial Age
29:14 Wheelbarrow
29:38 Gold Shaft Mining
29:56 Bow Saw
29:14 Ordonnance Companies
31:08 Scale Mail Armor
31:19 Forging
31:21 Padded Archer Armor
31:13 Fletching
31:17 Cavalier
32:51 Conscription
33:47 Hoardings
36:11 Hand Cart
36:04 Chivalry
37:25 Iron Casting
37:06 Chain Mail Armor
37:34 Chain Barding Armor
39:19 Blast Furnace
38:35 Leather Archer Armor
38:16 Bodkin Arrow
38:30 Elite Throwing Axeman
39:44 Plate Mail Armor
41:24 Plate Barding Armor
46:36 Light Cavalry
48:18 Paladin
Connection lost

Rejoining the realm…

Still unreachable

The connection could not be restored.

Session expired

The server has moved on; the page needs a fresh start.